 Dungeon Crawl Stone Soup version 0.27-a0-1202-ge72e49191c (webtiles) character file.

Game seed: 5779575485385959559

2487 funkygono the Firebug (level 9, -2/62 HPs)
             Began as a Formicid Fire Elementalist on June 2, 2021.
             Was an Initiate of Vehumet.
             Slain by a yak (4 damage)
             ... on level 8 of the Dungeon.
             The game lasted 00:16:06 (8948 turns).

funkygono the Firebug (Formicid Fire Elementalist)  Turns: 8948, Time: 00:16:07

Health: -2/62      AC:  8    Str: 14    XL:     9   Next: 81%
Magic:  8/18       EV: 16    Int: 17    God:    Vehumet [......]
Gold:   276        SH:  0    Dex: 11    Spells: 10/20 levels left

rFire    + . .     SeeInvis +   q - +5 mace
rCold    . . .     Faith    .   (no shield)
rNeg     . . .     Spirit   .   j - +1 leather armour {rF+}
rPois    +         Reflect  .   (helmet unavailable)
rElec    .         Harm     .   o - +2 cloak
rCorr    .         Rampage  .   (no gloves)
Will     .....                  g - +0 pair of boots
Stlth    ++........             (no amulet)
HPRegen  0.20/turn              f - ring of poison resistance
MPRegen  0.16/turn              n - +4 ring of evasion

@: no status effects
A: permanent stasis, dig shafts and tunnels, antennae 3, four strong arms
a: Dig, Shaft Self, Renounce Religion


You were on level 8 of the Dungeon.
You worshipped Vehumet.
Vehumet was noncommittal.
You visited 2 branches of the dungeon, and saw 9 of its levels.

You collected 276 gold pieces.

Inventory:

Hand Weapons
 c - a +0 club of draining
 i - a +0 whip
 q - a +5 mace (weapon)
 r - a +2 quarterstaff of chaos
 t - a +1 flail of protection
Missiles
 e - 259 stones
Armour
 a - a +0 robe
 g - a +0 pair of boots (worn)
 j - a +1 leather armour of fire resistance (worn)
 o - a +2 cloak (worn)
Jewellery
 f - a ring of poison resistance (left hand)
 n - a +4 ring of evasion (right hand)
Wands
 b - a wand of iceblast (31)
 l - a wand of charming (10)
Scrolls
 k - a scroll of amnesia {unknown}
 v - 2 scrolls of fear
 w - a scroll of summoning
 x - 2 scrolls of fog
Potions
 d - a potion of flight
 h - a potion of attraction
 m - a potion of cancellation {unknown}
 p - a potion of mutation {unknown}
 s - 2 potions of invisibility {unknown}
 u - a potion of berserk rage {unknown}


   Skills:
 + Level 2.4 Fighting
 + Level 4.1 Maces & Flails
 + Level 3.6 Armour
 + Level 3.6 Dodging
 - Level 3.0 Stealth
 * Level 6.4 Spellcasting
 * Level 4.9 Conjurations
 * Level 6.8 Fire Magic


You had 10 spell levels left.
You knew the following spells:

 Your Spells              Type           Power      Damage    Failure   Level
a - Foxfire               Conj/Fire      100%       2x1d9     1%          1
b - Sticky Flame          Conj/Fire      25%        2d5       14%         4
c - Fireball              Conj/Fire      12%        3d7       36%         5

Your spell library contained the following spells:

 Spells                   Type           Power      Damage    Failure   Level
 Conjure Flame            Conj/Fire      25%        6-21      4%          3
 Inner Flame              Hex/Fire       17%        N/A       11%         3
 Wereblood                Tmut           5%         N/A       22%         2


Dungeon Overview and Level Annotations

Branches:
Dungeon (8/15)             Temple (1/1) D:4
   Lair: D:8-11

Altars:
Ashenzari
Dithmenos
Elyvilon
Gozag
Hepliaklqana
Kikubaaqudgha
Makhleb
Nemelex Xobeh
Okawaru
Qazlal
Ru
Sif Muna
Trog
Uskayaw
Vehumet
Xom
Zin
The Shining One


Innate Abilities, Weirdness & Mutations

You cannot be hasted, slowed, berserked, paralysed or teleported.
You can dig through walls and to a lower floor.
You have a pair of large antennae on your head. (SInv)
Your four strong arms can wield two-handed weapons with a shield.


Message History

The yak is moderately wounded.
The yak gores you but does no damage. x2
You completely miss the yak.
The yak is moderately wounded.
The yak gores you but does no damage.
You thump the yak!
The yak is heavily wounded.
The yak gores you!
You hit the yak.
The yak is severely wounded.
The yak gores you!
You hit the yak.
The yak is severely wounded.
The yak gores you.
You hit the yak but do no damage.
The yak is severely wounded.
The yak gores you but does no damage. The yak gores you.
You hit the yak.
The yak is severely wounded.
The yak gores you!
* * * LOW HITPOINT WARNING * * *
You barely miss the yak.
The yak is severely wounded.
The yak gores you!
* * * LOW HITPOINT WARNING * * *
You barely miss the yak.
The yak is severely wounded.
The yak gores you but does no damage.
Casting: Foxfire (safe; 1% risk of failure)
Confirm with . or Enter, or press ? or * to list all spells.
You conjure some foxfire!
The foxfire hits the yak.
The yak is almost dead.
The foxfire hits the yak but does no damage.
The yak is almost dead.
Casting: Foxfire (safe; 1% risk of failure)
Confirm with . or Enter, or press ? or * to list all spells.
You conjure some foxfire!
The yak gores you but does no damage. The yak gores you.
You die...

##.#<....#
##....#####.##
.#.......#
#.##........#
........##
#.##........##
...#....#
#..#....####.##
..#####.## #........#
##.# .## #..##
#........# #.## .#
##.[#####........###.#
.##
##..†...vYv.........###
..#
#..####Y@....######..#
..## #.## ###..### ####
...# #..# #.....>...
...## #.## #.........
#...## ..# #.....####
#....##..# ...####
##......# ...##
.#......## ...#
..†......... ....


You could see 2 yaks.

Vanquished Creatures
  2 yaks (D:8)
  A water moccasin (D:7)
  An ice beast (D:5)
  A sky beast (D:4)
  2 orc warriors
  A black bear (D:5)
  2 centaurs
  A necrophage (D:4)
  An ogre (D:6)
  A phantom (D:6)
  2 bullfrogs (D:7)
  2 scorpions
  A water moccasin zombie (D:6)
  2 electric eels (D:8)
  2 centaur zombies (D:6)
  A bullfrog zombie (D:6)
  A centaur skeleton (D:7)
  4 jellies
  An orc priest (D:8)
  2 hounds
  Crazy Yiuf (D:3)
  A gnoll shaman (D:7)
  Jessica (D:3)
  2 iguanas
  4 orc wizards
  A hound skeleton (D:4)
  A howler monkey zombie (D:7)
  7 adders
  4 gnolls (D:7)
  A white imp (D:7)
  An ufetubus (D:7)
  A worm (D:2)
  A dart slug (D:1)
  25 orcs
  9 ball pythons
  10 endoplasms
  7 giant cockroaches
  9 goblins
  8 hobgoblins
  2 jackals (D:4)
  2 quokkas (D:1)
  6 bats
  6 frilled lizards
  2 kobolds
  6 rats
149 creatures vanquished.

Vanquished Creatures (others)
  585 foxfires
  A fungus (D:3)
586 creatures vanquished.

Grand Total: 735 creatures vanquished

Notes
Turn   | Place    | Note
-------+----------+-------------------------------------------
     0 | D:1      | funkygono the Formicid Fire Elementalist began the quest
                  | for the Orb.
     0 | D:1      | Reached XP level 1. HP: 13/13 MP: 3/3
   266 | D:1      | Reached XP level 2. HP: 18/19 MP: 3/5
   859 | D:1      | Reached XP level 3. HP: 24/24 MP: 4/6
  1552 | D:2      | Reached skill level 1 in Conjurations
  1765 | D:2      | Reached XP level 4. HP: 30/30 MP: 2/7
  1812 | D:2      | Learned a level 4 spell: Sticky Flame
  2386 | D:2      | Reached XP level 5. HP: 27/35 MP: 4/9
  2934 | D:3      | Reached skill level 1 in Armour
  3091 | D:3      | Noticed Jessica
  3097 | D:3      | Killed Jessica
  3443 | D:3      | Found a runed translucent door.
  3444 | D:3      | Noticed Crazy Yiuf
  3463 | D:3      | Killed Crazy Yiuf
  3464 | D:3      | Reached XP level 6. HP: 20/42 MP: 4/10
  3640 | D:3      | Learned a level 5 spell: Fireball
  4381 | D:4      | Reached skill level 1 in Maces & Flails
  4643 | D:4      | Found a staircase to the Ecumenical Temple.
  4670 | Temple   | Entered the Ecumenical Temple
  4960 | D:5      | Entered Level 5 of the Dungeon
  4968 | D:5      | Reached XP level 7. HP: 47/47 MP: 7/12
  5067 | D:4      | Reached skill level 1 in Fighting
  5067 | D:4      | Reached skill level 5 in Fire Magic
  5327 | D:5      | Reached XP level 8. HP: 54/54 MP: 10/14
  7025 | D:6      | Found a radiant altar of Vehumet.
  7037 | D:6      | Became a worshipper of Vehumet
  7106 | D:7      | Reached skill level 5 in Spellcasting
  7108 | D:7      | Reached XP level 9. HP: 49/62 MP: 11/16
  7240 | D:7      | Found a broken altar of Ashenzari.
  7242 | D:7      | Found a white marble altar of Elyvilon.
  7242 | D:7      | Found a shadowy altar of Dithmenos.
  7458 | D:7      | Found a bloodstained altar of Trog.
  7467 | D:7      | Found a shimmering blue altar of Sif Muna.
  7470 | D:7      | Identified Sif Muna's Collected Works on Transmutation
  7586 | D:7      | Found an iron altar of Okawaru.
  7775 | D:7      | Found an opulent altar of Gozag.
  8853 | D:8      | Found a sparkling altar of Nemelex Xobeh.
  8941 | D:8      | HP: 1/62 [yak (12)]
  8948 | D:8      | Slain by a yak

Illustrated notes

Levels and vault maps discovered:
D:1:      minmay_arrival_open_corners, layout_loops_ring,
          chequers_serial_rivers_micro_e
D:2:      layout_loops_ring, minmay_shallow_snake_nest
D:3:      layout_basic, st_stairs_11, uniq_crazy_yiuf_cottage, uniq_jessica
D:4:      layout_cave_pools, temple_doors_e
D:5:      layout_rooms
D:6:      layout_loops_ring, lemuel_crystal_altar, grunt_decor_arrowhead,
          chequers_serial_rivers_micro_d, chequers_avenue
D:7:      layout_cave_pools, kennysheep_mini, okawaru_trees_2,
          grunt_temple_overflow_open, nzn_overflow_gifts_of_might_and_magic
D:8:      layout_layer_cave, kennysheep_mini_moat, kennysheep_little_box,
          serial_shops, nicolae_shop_statue_plus, water_boxes_lemuel
Temple:   jpeg_temple_island

Skill      XL: |  1  2  3  4  5  6  7  8  9 |
---------------+----------------------------+-----
Fire Magic     | 4 5 6 |  6.8
Conjurations   | 1 2 3 4 |  4.9
Dodging        | 2 3 |  3.6
Stealth        | 3 |  3.0
Armour         | 1 2 3 |  3.6
Spellcasting   | 3 4 5 6 |  6.4
Maces & Flails | 1 2 3 4 |  4.1
Fighting       | 1 2 |  2.4

Action                   |  1- 3 |  4- 6 |  7- 9 || total
-------------------------+-------+-------+-------++-------
Melee: Club              |    37 |    28 |       ||    65
       Mace              |       |    32 |   110 ||   142
 Cast: Foxfire           |    51 |   114 |   181 ||   346
       Sticky Flame      |       |       |     1 ||     1
  Use: Scroll            |       |     7 |     8 ||    15
Armor: Robe              |     8 |       |       ||     8
       Leather armour    |     4 |    67 |    49 ||   120
Dodge: Dodged            |    25 |   106 |   120 ||   251

Table legend: (Time is in decaauts)
 A = Elapsed time spent in this place.
 B = Non-inter-level travel time spent in this place.
 C = Inter-level travel time spent in this place.
 D = Time resting spent in this place.
 E = Time spent auto-exploring this place.
 F = Levels seen in this place.
 G = Mean time per level.
                   A        B        C        D        E       F      G
               +--------+--------+--------+--------+--------+-----+--------+
         Total |   9005 |   8703 |    302 |    727 |   6539 |   9 | 1000.6 |
       Dungeon |   8931 |   8664 |    267 |    727 |   6509 |   8 | 1116.4 |
        Temple |     73 |     38 |     35 |      0 |     30 |   1 |   73.0 |
               +--------+--------+--------+--------+--------+-----+--------+

Top non-repeatable levels by time:
     D:4: 1505 daAuts
     D:2: 1294 daAuts
     D:6: 1262 daAuts
     D:1: 1193 daAuts
     D:3: 1185 daAuts
     D:7: 1026 daAuts
     D:8: 833 daAuts
     D:5: 630 daAuts
  Temple: 73 daAuts
